 Dungeon Crawl Stone Soup version 0.30-b1-2-g02819fbbbe (webtiles) character file.

Game seed: 8973454516151435874

15276 Galthrax the Nimble (level 12, -4/94 (98) HPs)
             Began as a Human Gladiator on May 20, 2023.
             Was an Elder of Hepliaklqana.
             Slain by a minotaur
             ... wielding a +3 morningstar of freezing
              (26 damage)
             ... in a Gauntlet.
             The game lasted 00:39:26 (13382 turns).

Galthrax the Nimble (Human Gladiator)              Turns: 13382, Time: 00:39:27

HP:   -4/94 (98)    AC:  8    Str: 21    XL:     12   Next: 55%
MP:   0/19          EV: 18    Int: 12    God:    Hepliaklqana [****..]
Gold: 466           SH:  4    Dex: 17    Spells: 11/21 levels left

rFire   + . .        a - +1 long sword
rCold   + . .        p - +0 buckler of Courage {rElec rPois Will+ Stlth+}
rNeg    . . .        f - +1 robe of Xakhleb {Regen+ Int+4 Dex+3}
rPois   +            c - +2 helmet
rElec   +            (no cloak)
rCorr   .            (no gloves)
SInv    .            r - +1 pair of boots
Will    +....        (no amulet)
Stlth   +++          I - ring of the Mage {Wiz Archmagi}
HPRegen 1.15/turn    C - ring of protection from cold
MPRegen 0.16/turn

%: no teleportation, wizardry (x1), archmagi
@: lightly drained, invisible
A: reduced essence, fire resistance 1, poison resistance, robust 1, MP-powered
wands
a: Renounce Religion, Recall Ancestor, Ancestor Identity, Transference, Idealise


You were in a Gauntlet.
You worshipped Hepliaklqana.
Hepliaklqana was greatly pleased with you.
You visited 1 branch of the dungeon, and saw 12 of its levels.
You also visited: Sewer, Ossuary and Gauntlet.

You collected 658 gold pieces.
You spent 192 gold pieces at shops.


Innate Abilities, Weirdness & Mutations

Your life essence is reduced to manifest your ancestor. (-10% HP)
Your flesh is heat resistant. (rF+)
Your system is resistant to poisons. (rPois)
You are robust. (+10% HP)
You expend magic power (3 MP) to strengthen your wands.


   Skills:
 + Level 10.5 Fighting
 + Level 10.6 Long Blades
 - Level 2.0 Throwing
 - Level 1.8 Armour
 + Level 10.8 Dodging
 + Level 5.0 Spellcasting
 + Level 6.0 Translocations


You had 11 spell levels left.
You knew the following spells:

 Your Spells              Type           Power      Damage    Failure   Level
b - Blink                 Tloc           52%        N/A       1%          2
l - Lesser Beckoning      Tloc           52%        N/A       1%          2
p - Passage of Golubria   Tloc           26%        N/A       9%          4
X - Momentum Strike       Conj/Tloc      30%        3d8       4%          2

Your spell library contained the following spells:

 Spells                   Type           Power      Damage    Failure   Level
 Inner Flame              Hex/Fire       4%         N/A       28%         3
 Tukima's Dance           Hex            4%         N/A       28%         3
 Animate Dead             Necr           4%         N/A       65%         4
 Flame Wave               Conj/Fire      4%         2d5       65%         4
 Sticky Flame             Conj/Fire      4%         2d3       65%         4
 Yara's Violent Unravell  Hex/Tmut       2%         3d3       93%         5
 Haunt                    Necr/Summ      2%         N/A       100%        7
 Infestation              Necr           2%         N/A       100%        8

Inventory:

Hand Weapons
 a - a +1 long sword (weapon)
Missiles
 d - 3 throwing nets (quivered) {=f!f}
 e - a javelin
 g - 115 stones
 h - 31 poisoned darts
 j - 2 boomerangs of dispersal {=f!f}
 w - 7 boomerangs
Armour
 c - a +2 helmet (worn)
 f - the +1 robe of Xakhleb (worn) {Regen+ Int+4 Dex+3}
   (You took it off an orc on level 8 of the Dungeon)

   Int:       It affects your intelligence (+4).
   Dex:       It affects your dexterity (+3).
   Regen:     It increases your rate of health regeneration.
 p - the +0 buckler of Courage (worn) {rElec rPois Will+ Stlth+}
   (You acquired it on level 4 of the Dungeon)

   rElec:     It insulates you from electricity.
   rPois:     It protects you from poison.
   Will:      It increases your willpower.
   Stlth:     It makes you more stealthy.
 r - a +1 pair of boots (worn)
   (You found it on level 4 of the Dungeon)
 y - +0 steam dragon scales
   (You found it on level 8 of the Dungeon)
Jewellery
 C - a ring of protection from cold (right hand)
   (You found it in a Gauntlet)
 G - an amulet of guardian spirit
   (You found it on level 11 of the Dungeon)
 I - the ring of the Mage (left hand) {Wiz Archmagi}
   (You found it in a Gauntlet)

   [ring of wizardry]

   It improves your spell success rate.
   Archmagi:  It increases the power of your magical spells.
 L - a ring of flight
   (You found it in a Gauntlet)
Wands
 b - a wand of paralysis (5)
   (You found it on level 9 of the Dungeon)
 E - a wand of flame (23)
   (You found it on level 6 of the Dungeon)
 H - a wand of polymorph (5)
   (You found it in a Gauntlet)
 J - a wand of iceblast (12)
   (You took it off Joseph on level 8 of the Dungeon)
Scrolls
 m - a scroll of butterflies
 o - 2 scrolls of immolation {!r!r}
 v - 4 scrolls of identify {@r1}
 x - 2 scrolls of teleportation {@r4}
 z - 3 scrolls of fog
 A - a scroll of poison
 D - 2 scrolls of vulnerability {!r!r}
Potions
 i - 4 potions of brilliance
 k - 4 potions of haste {@q3}
 l - 7 potions of curing {@q1}
 n - a potion of flight
 q - 8 potions of lignification {!q}
 s - 3 potions of invisibility
 t - a potion of cancellation
 u - 2 potions of berserk rage {!q}
 B - 5 potions of mutation {!q}
 K - 3 potions of might

Dungeon Overview and Level Annotations

Branches:
Dungeon (12/15) Zot: 26911  Temple (0/1) D:4            Lair (0/5) D:8
  Sewer (visited)         Ossuary (visited)         Gauntlet (1/1) Zot: 5392
    Orc: D:9-12

Altars:
Ashenzari
Dithmenos
Gozag
Hepliaklqana
Nemelex Xobeh
Sif Muna
Xom
Yredelemnul
The Shining One

Shops:
D:3 [   D:4 !   D:8 :   D:9 *

Annotations:
D:3 2 transporters
D:5 2 transporters, muxecoid's ghost, amateur MfHW
D:9 3 runed translucent doors, Garym's ghost, novice MiFi Gauntlet 8 transporters, 1 runed translucent door, exclusion: lightning spire

### #.# ##'### #.⌠..###
###...⌠'.# #.'⌠Z..### ###.ZZ.#
##H### #######@#######
#.............# #.###.###.###.#
#......H......# ###.###.###.###
###.###.###.### #.............#
##...©.©.©...##
############..8.8.8..############


You could see a minotaur (unable to see you) and 3 minotaur zombies.


Message History

Okay, then.
You fade into invisibility!
The minotaur throws a javelin.
The javelin closely misses you. 😱 HP[+1] 😱 HP[+1] 😱 HP[+1]
There is an open door here. 😱 HP[+2]
You regained 2 hp, and now have 15/94 hp. 😱 HP[+1] 😱 HP[+1]
You open the door.
A minotaur zombie comes into view. 😱 HP[+1] 😱 HP[+1] 😱 HP[+1]
There is a fountain of sparkling water here. 😱 HP[+1]
You open the door.
A minotaur zombie comes into view. 😱 HP[+2]
You regained 2 hp, and now have 23/94 hp. 😨 HP[+1]
There is a fountain of sparkling water here. 😨 HP[+1] As you open the door, it creaks loudly!
A minotaur zombie comes into view.
The minotaur bellows! 😨 HP[+1] 😨 HP[+1]
The minotaur zombie barely misses you. The minotaur zombie misses you.
There is a gate leading back out of this place here.
Items here: /// : [[ }}. 😨 HP[+1] 😨 HP[+1]
There is an open door here. 😨 HP[+2]
You regained 2 hp, and now have 31/94 hp.
Aiming: Quicksilver Bolt
Press: ? - help, Shift-Dir - straight line, f - minotaur zombie
Aim: a minotaur zombie (wandering, unable to see you, hasn't noticed you, 94% to hit)
You feel a surge of power!
The bolt of dispelling energy hits the minotaur!!
The bolt of dispelling energy hits the minotaur zombie! 😨 HP[+1] MP[-3]
You lost 3 mp, and now have 16/19 mp.
Aiming: Quicksilver Bolt
Press: ? - help, Shift-Dir - straight line, f/p - minotaur zombie
Aim: a minotaur zombie (lightly damaged, wandering, unable to see you, hasn't noticed you, 94% to hit)
You feel a surge of power!
The bolt of dispelling energy hits the minotaur!!
The bolt of dispelling energy hits the minotaur zombie! 😨 HP[+1] MP[-3]
You lost 3 mp, and now have 13/19 mp.
Aiming: Quicksilver Bolt
Press: ? - help, Shift-Dir - straight line, f - minotaur zombie, p - minotaur zombie
Aim: a minotaur zombie (unable to see you, 94% to hit)
You feel a surge of power!
The bolt of dispelling energy hits the minotaur!
The bolt of dispelling energy hits the minotaur zombie! x2
The minotaur completely misses you.
The minotaur closely misses you. 😨 HP[+1] MP[-3]
You lost 3 mp, and now have 10/19 mp.
Aiming: Quicksilver Bolt
Press: ? - help, Shift-Dir - straight line, f/p - minotaur zombie
Aim: a minotaur zombie (lightly damaged, unable to see you, 94% to hit)
You feel a surge of power!
The bolt of dispelling energy hits the minotaur.
The bolt of dispelling energy hits the minotaur zombie!!
The now-empty wand crumbles to dust.
The minotaur completely misses you.
The minotaur misses you. 😨 HP[+1] MP[-3]
You lost 3 mp, and now have 7/19 mp.
Aiming: Throw Flame
Press: ? - help, Shift-Dir - straight line, f/p - minotaur zombie
Aim: a minotaur zombie (moderately damaged, unable to see you, 94% to hit)
You feel a surge of power!
The puff of flame hits the minotaur!
The minotaur misses you. x2 😨 HP[+1] MP[-3]
You lost 3 mp, and now have 4/19 mp.
Aiming: Throw Flame
Press: ? - help, Shift-Dir - straight line, f/p - minotaur zombie
Aim: a minotaur zombie (moderately damaged, unable to see you, 94% to hit)
You feel a slight surge of power.
The puff of flame hits the minotaur but does no damage.
The minotaur hits you with a +3 morningstar of freezing!
* * * LOW HITPOINT WARNING * * *
The minotaur freezes you.
* * * LOW HITPOINT WARNING * * *
The minotaur gores you.
* * * LOW HITPOINT WARNING * * *
😱 HP[-15] MP[-2]
You take 15 damage, and now have 21/94 hp.
You lost 2 mp, and now have 2/19 mp.
Aiming: Throw Flame
Press: ? - help, Shift-Dir - straight line, f/p - minotaur zombie
Aim: a minotaur zombie (moderately damaged, unable to see you, 93% to hit)
The puff of flame hits the minotaur but does no damage.
The minotaur hits you with a +3 morningstar of freezing!!
You die...

Skill      XL: |  1  2  3  4  5  6  7  8  9 10 11 12 |
---------------+-------------------------------------+-----
Armour         | 1 |  1.8
Fighting       | 3 4 5 6 8 9 10 | 10.5
Long Blades    | 4 5 6 7 8 9 10 | 10.6
Dodging        | 4 5 6 7 8 10 | 10.8
Translocations | 1 2 3 4 5 6 |  6.0
Spellcasting   | 2 4 5 |  5.0
Throwing       | |  2.0

Action                     |  1- 3 |  4- 6 |  7- 9 | 10-12 || total
---------------------------+-------+-------+-------+-------++-------
  Melee: Long sword        |    84 |   205 |   303 |   454 ||  1046
         Punch             |       |     1 |       |       ||     1
   Cast: Lesser Beckoning  |       |       |       |     2 ||     2
         Blink             |       |       |       |     1 ||     1
 Invoke: Ancestor Identity |       |     1 |       |       ||     1
         Ancestor Life: Ba |       |       |     1 |       ||     1
         Recall Ancestor   |       |       |     1 |       ||     1
  Evoke: Wand              |       |       |     8 |     9 ||    17
    Use: Scroll            |     1 |     5 |    19 |     7 ||    32
         Potion            |       |     1 |     7 |     9 ||    17
   Stab: Sleeping          |     1 |       |     7 |     3 ||    11
         Distracted        |       |       |     2 |     3 ||     5
 Armour: Leather armour    |    21 |    49 |    82 |    26 ||   178
         Robe              |       |       |       |    56 ||    56
  Dodge: Dodged            |    48 |   140 |   225 |   359 ||   772
  Block: Buckler           |       |       |    49 |    81 ||   130

Levels and vault maps discovered:
D:1:      amcnicky_arrival_blooded_trapdoor, layout_loops_corners, st_stairs_12,
          minmay_misc_feat_x, bh_walls_and_bars
D:2:      layout_basic, dreamdust_ecumenical_altar_statues, basic_altar,
          minmay_misc_feat_pillars
D:3:      gammafunk_steamed_eel, layout_basic, serial_shops,
          nicolae_diamond_shop
D:4:      layout_layer_cave, nicolae_sif_muna_condensation,
          minmay_temple_entry_from_below_a, serial_shops, nicolae_stop_n_shop_2,
          portal_sewer_entry_d
D:5:      layout_basic, nicolae_hepliaklqana_monster_ancestors,
          lemuel_zombie_altar_yredelemnul, gammafunk_ghost_mausoleum,
          nicolae_ossuary_entry_ruins, serial_bayou_pond_d, uniq_sigmund
D:6:      layout_cave_pods, evilmike_ruin_ashenzari,
          hangedman_decor_diamond_cutter
D:7:      layout_rooms, roderic_roman_lattice, lemuel_flamethrower_1
D:8:      layout_loops_ring, nicolae_gozag_seed_capital, tso_altar,
          minmay_lair_entry_grove, nicolae_shop_i_like_small_books_too,
          uniq_joseph
D:9:      layout_irregular_city, gammafunk_ghost_spectres,
          nicolae_shop_sticking_my_neck_out
D:10:     layout_irregular_city, chequers_temple_overflow_statue_of_worship,
          kennysheep_diamond
D:11:     layout_cave_pods, serial_column_ruins, column_ruins_grid_2,
          column_ruins_columns_corner, column_ruins_columns_straight,
          column_ruins_grid_1, column_ruins_open_tiny
D:12:     layout_roguey, orc_0_dummy, gauntlet_entry_generic
Gauntlet: minmay_gauntlet_mixed_oops_all_seconds
          [minmay_gauntlet_arena_77_terracotta_army, nicolae_gauntlet_swirl,
          minmay_gauntlet_arena_77_checkered,
          gammafunk_gauntlet_arena_arrow_garden, minmay_gauntlet_arena_77_path,
          gammafunk_gauntlet_arena_spirals, gauntlet_exit_hidden_loot]

Notes
Turn   | Place    | Note
-------+----------+-------------------------------------------
     0 | D:1      | Galthrax the Human Gladiator began the quest for the Orb.
     0 | D:1      | Reached XP level 1. HP: 16/16 MP: 1/1
     0 | D:1      | magus.rc [v1.11.6]
   117 | D:1      | Reached XP level 2. HP: 22/22 MP: 2/2
   361 | D:1      | Reached skill level 1 in Armour
   361 | D:1      | Reached XP level 3. HP: 28/28 MP: 3/3
   818 | D:1      | You add the spells Blink, Momentum Strike and Lesser
                  | Beckoning to your library.
  1097 | D:2      | Reached XP level 4. HP: 14/34 MP: 4/4
  1235 | D:2      | Found a hazy altar of Hepliaklqana.
  1270 | D:2      | Became a worshipper of Hepliaklqana the Forgotten
  1396 | D:2      | Found a faded altar of an unknown god.
  2292 | D:3      | Found a transporter.
  2293 | D:3      | Found a transporter.
  2775 | D:3      | Found Vimabug's Armour Emporium.
  2796 | D:3      | Reached XP level 5. HP: 32/40 MP: 5/5
  2872 | D:3      | Learned a level 2 spell: Blink
  2875 | D:3      | Learned a level 2 spell: Momentum Strike
  2917 | D:4      | Noticed an ogre
  2961 | D:4      | HP: 10/40 [ogre/+0 giant club (26)]
  2967 | D:4      | Killed an ogre
  2968 | D:4      | Reached skill level 3 in Fighting
  2968 | D:4      | Reached skill level 4 in Long Blades
  2968 | D:4      | Reached skill level 4 in Dodging
  2968 | D:4      | Reached skill level 1 in Translocations
  2985 | D:4      | Reached XP level 6. HP: 20/47 MP: 6/6
  3150 | D:4      | Reached * piety under Hepliaklqana
  3157 | D:4      | Found a glowing drain.
  3166 | Sewer    | Entered a sewer
  3679 | Sewer    | Reached skill level 2 in Translocations
  3679 | Sewer    | Reached XP level 7. HP: 20/47 MP: 7/7
  3893 | D:4      | Identified a scroll of acquirement
  3893 | D:4      | Acquired the +0 buckler of Courage {rElec rPois Will+
                  | Stlth+}
  3938 | D:4      | Found Caxkog's Distillery.
  3945 | D:4      | Bought a potion of curing for 36 gold pieces
  3945 | D:4      | Bought a potion of heal wounds for 60 gold pieces
  3945 | D:4      | Bought a potion of mutation for 96 gold pieces
  3945 | D:4      | Gained mutation: You are robust. (+10% HP) [potion of
                  | mutation]
  3945 | D:4      | Gained mutation: Your system is resistant to poisons.
                  | (rPois) [potion of mutation]
  3945 | D:4      | Gained mutation: You expend magic power (3 MP) to
                  | strengthen your wands. [potion of mutation]
  3945 | D:4      | Gained mutation: Your flesh is heat resistant. (rF+)
                  | [potion of mutation]
  3964 | D:4      | Found a staircase to the Ecumenical Temple.
  4017 | D:4      | Reached skill level 4 in Fighting
  4114 | D:4      | You add the spells Inner Flame, Sticky Flame and Flame Wave
                  | to your library.
  4374 | D:4      | Found a shimmering blue altar of Sif Muna.
  5063 | D:5      | Entered Level 5 of the Dungeon
  5075 | D:5      | Reached ** piety under Hepliaklqana
  5077 | D:5      | Remembered your ancestor Keminub as a battlemage
  5178 | D:5      | Reached skill level 3 in Translocations
  5267 | D:5      | Found a transporter.
  5272 | D:5      | Noticed muxecoid's ghost (amateur MfHW)
  5276 | D:5      | Reached skill level 5 in Long Blades
  5277 | D:5      | Found a transporter.
  5328 | D:5      | Reached skill level 5 in Dodging
  5328 | D:5      | Reached XP level 8. HP: 41/61 MP: 8/8
  5422 | D:5      | Reached skill level 5 in Fighting
  5435 | D:5      | Found a sand-covered staircase.
  5445 | Ossuary  | Entered an ossuary
  5698 | Ossuary  | Reached skill level 4 in Translocations
  6521 | D:5      | Found a basalt altar of Yredelemnul.
  6527 | D:5      | Reached skill level 6 in Long Blades
  6527 | D:5      | Reached skill level 6 in Dodging
  6527 | D:5      | Reached XP level 9. HP: 66/68 MP: 9/9
  6594 | D:5      | Found a hazy altar of Hepliaklqana.
  6594 | D:5      | Noticed Sigmund
  6600 | D:5      | Killed Sigmund
  6677 | D:6      | Found a broken altar of Ashenzari.
  6807 | D:6      | Reached skill level 6 in Fighting
  6807 | D:6      | Reached skill level 5 in Translocations
  7544 | D:7      | HP: 17/70 [poisoned by a killer bee]
  7746 | D:7      | Reached skill level 1 in Spellcasting
  7760 | D:7      | HP: 9/67 [wight/+4 dire flail of freezing (10)]
  7760 | D:7      | HP: 4/65 [wight/+4 dire flail of freezing (5)]
  7782 | D:7      | HP: 8/63 [wight/+4 dire flail of freezing (12)]
  7816 | D:7      | HP: 14/61 [wight/+0 morningstar (1)]
  7998 | D:7      | Reached skill level 7 in Long Blades
  7998 | D:7      | Reached skill level 7 in Dodging
  8167 | D:7      | You add the spells Tukima's Dance, Passage of Golubria and
                  | Yara's Violent Unravelling to your library.
  8347 | D:7      | Reached *** piety under Hepliaklqana
  8490 | D:7      | Reached skill level 2 in Spellcasting
  8676 | D:8      | Reached XP level 10. HP: 58/77 MP: 13/13
  8732 | D:8      | Reached skill level 7 in Fighting
  8737 | D:8      | Identified the +1 robe of Xakhleb {Regen+ Int+4 Dex+3}
  8770 | D:8      | Reached skill level 3 in Spellcasting
  8780 | D:8      | HP: 16/79 [yak (9)]
  8783 | D:8      | HP: 5/79 [yak (12)]
  8963 | D:8      | Found an opulent altar of Gozag.
  8994 | D:8      | Found Yjiecuc's Tiny Tomes.
  9114 | D:8      | Reached skill level 8 in Dodging
  9119 | D:8      | Reached skill level 8 in Long Blades
  9144 | D:8      | Reached skill level 4 in Spellcasting
  9249 | D:8      | Reached skill level 8 in Fighting
  9402 | D:8      | Found a staircase to the Lair.
  9414 | D:8      | Reached XP level 11. HP: 86/86 MP: 17/17
  9661 | D:8      | Noticed Joseph
  9673 | D:8      | Killed Joseph
  9762 | D:8      | Found a glowing golden altar of the Shining One.
  9763 | D:8      | Noticed a two-headed ogre
  9777 | D:8      | HP: 15/87 [two-headed ogre/+0 giant club (9)]
  9780 | D:8      | Killed a two-headed ogre
  9781 | D:8      | Reached skill level 9 in Dodging
  9781 | D:8      | Reached skill level 5 in Spellcasting
 10180 | D:9      | Reached skill level 9 in Long Blades
 10292 | D:9      | HP: 19/87 [yak (9)]
 10299 | D:9      | HP: 15/87 [yak (12)]
 10302 | D:9      | Reached skill level 9 in Fighting
 10445 | D:9      | Found a runed translucent gate.
 10446 | D:9      | Found a runed translucent gate.
 10446 | D:9      | Found a runed translucent gate.
 10452 | D:9      | Noticed Garym's ghost (novice MiFi)
 10463 | D:9      | Found Damoetys's Neck Hole.
 11036 | D:10     | Entered Level 10 of the Dungeon
 11063 | D:10     | Found a shimmering altar of Xom.
 11064 | D:10     | Found a sparkling altar of Nemelex Xobeh.
 11064 | D:10     | Found a shadowy altar of Dithmenos.
 11546 | D:10     | You add the spells Animate Dead, Haunt and Infestation to
                  | your library.
 11822 | D:10     | Reached **** piety under Hepliaklqana
 11876 | D:11     | Noticed a white ugly thing
 11886 | D:11     | Killed a white ugly thing
 11887 | D:11     | Reached skill level 10 in Dodging
 12024 | D:11     | Learned a level 2 spell: Lesser Beckoning
 12028 | D:11     | Reached XP level 12. HP: 97/97 MP: 19/19
 12029 | D:11     | Learned a level 4 spell: Passage of Golubria
 12039 | D:11     | Reached skill level 10 in Long Blades
 12202 | D:11     | Noticed a boulder beetle
 12217 | D:11     | Killed a boulder beetle
 12218 | D:11     | Reached skill level 10 in Fighting
 12688 | D:12     | Noticed a centaur warrior
 12696 | D:11     | Killed a centaur warrior
 12764 | D:12     | Found a gate leading to a gauntlet.
 12777 | Gauntlet | Entered a Gauntlet
 12777 | Gauntlet | Found a transporter.
 12780 | Gauntlet | Found a transporter.
 12781 | Gauntlet | Found a transporter.
 12785 | Gauntlet | Found a transporter.
 12794 | Gauntlet | Found a transporter.
 12794 | Gauntlet | Found a transporter.
 12797 | Gauntlet | Found a transporter.
 12800 | Gauntlet | Found a transporter.
 12862 | Gauntlet | Found a transporter.
 12863 | Gauntlet | Found a transporter.
 12863 | Gauntlet | Found the ring of the Mage {Wiz Archmagi}
 12867 | Gauntlet | Found a transporter.
 12875 | Gauntlet | Found a runed translucent door.
 12877 | Gauntlet | Noticed a ghost crab
 12887 | Gauntlet | Found a transporter.
 13215 | Gauntlet | Killed a ghost crab
 13216 | Gauntlet | Reached skill level 6 in Translocations
 13345 | Gauntlet | Noticed a minotaur
 13357 | Gauntlet | HP: 23/94 [minotaur/+3 morningstar of freezing (1)]
 13357 | Gauntlet | HP: 9/94 [minotaur/+3 morningstar of freezing (14)]
 13381 | Gauntlet | HP: 21/94 [minotaur/+3 morningstar of freezing (5)]
 13382 | Gauntlet | Slain by a minotaur

Vanquished Creatures
  A ghost crab (Gauntlet)
  A boulder beetle (D:11)
  A two-headed ogre (D:8)
  An ugly thing (D:11)
  An efreet (Gauntlet)
  2 trolls
  A hornet (D:10)
  3 fire elementals (Gauntlet)
  3 wyverns
  14 yaks
  A vampire mosquito (D:11)
  A hell hound (Gauntlet)
  2 water moccasins
  An ogre (D:4)
  2 orc warriors
  A centaur (D:12)
  A phantom (D:5)
  2 kobold brigands
  2 bullfrogs
  2 scorpions
  3 wights
  8 killer bees
  3 howler monkeys
  A jelly (D:4)
  2 centaur zombies (Ossuary)
  3 orc priests
  A gnoll bouda (D:4)
  A sleepcap (D:4)
  An iguana (D:5)
  3 orc wizards
  2 ogre zombies (Ossuary)
  4 mummies (Ossuary)
  3 gnolls (D:4)
  13 adders
  A white imp (D:7)
  3 adder zombies (Ossuary)
  5 worms
  3 dart slugs
  15 orcs
  3 ball pythons
  7 endoplasms
  7 goblins
  7 hobgoblins
  7 jackals
  11 kobolds
  3 quokkas
  7 bats
  5 frilled lizards
  2 goblin zombies (Ossuary)
  5 hobgoblin zombies (Ossuary)
  2 kobold zombies (Ossuary)
  5 quokka zombies (Ossuary)
  8 rats
  4 rat zombies (Ossuary)
  A spectral kobold (D:5)
202 creatures vanquished.

Vanquished Creatures (collateral kills)
  A centaur warrior (D:11)
  A cyclops (D:11)
  A manticore (D:12)
  Joseph (D:8)
  3 wyverns (D:8)
  2 wraiths
  Sigmund (D:5)
  A shadow (D:11)
  3 vampire mosquitoes (D:11)
  A steam dragon (D:8)
  8 yaks
  A hell hound (Gauntlet)
  2 water moccasins (D:8)
  A sky beast (D:7)
  2 ice beasts
  A black bear (D:6)
  3 orc warriors
  An ogre (D:5)
  5 centaurs
  A kobold brigand (D:8)
  A gnoll sergeant (D:10)
  A bullfrog (D:5)
  A scorpion (D:6)
  3 wights
  2 killer bees
  2 howler monkeys
  2 bullfrog zombies (D:5)
  A centaur zombie (Ossuary)
  2 hounds
  An orc priest (D:11)
  A jelly (D:7)
  An iguana (D:5)
  2 orc wizards
  3 mummies (Ossuary)
  4 gnolls
  3 adders
  A shadow imp (D:7)
  2 ufetubi (D:7)
  An adder zombie (Ossuary)
  A worm (Sewer)
  16 orcs
  A jackal (D:4)
  5 kobolds
  2 kobold zombies (Ossuary)
  A rat zombie (Ossuary)
100 creatures vanquished.

Vanquished Creatures (others)
  A wight (D:8)
  16 battlemagi
  2 ancestors
  14 demonic plants (Gauntlet)
  3 fungi (D:8)
  19 plants (D:8)
55 creatures vanquished.

Grand Total: 357 creatures vanquished

Table legend:
 A = Non-vault XP
 B = Vault XP
 C = Vault XP percentage of total XP
 D = Non-vault monster count
 E = Vault monster count
 F = Vault count percentage of total count
                 A         B        C        D         E       F
            +---------+---------+-------+---------+---------+-------
      Total |   15501 |    6322 |  29.0 |     214 |      88 |  29.1
            +---------+---------+-------+---------+---------+-------
        D:1 |      46 |       2 |   4.2 |      26 |       1 |   3.7
        D:2 |      54 |       0 |   0.0 |      15 |       0 |   0.0
        D:3 |      38 |       0 |   0.0 |       9 |       0 |   0.0
        D:4 |     429 |      13 |   2.9 |      33 |       1 |   2.9
        D:5 |     820 |     304 |  27.0 |      12 |       5 |  29.4
        D:6 |     637 |       0 |   0.0 |      10 |       0 |   0.0
        D:7 |     929 |       0 |   0.0 |      17 |       0 |   0.0
        D:8 |    3229 |    2806 |  46.5 |      39 |      14 |  26.4
        D:9 |    2576 |       0 |   0.0 |      19 |       0 |   0.0
       D:10 |    1840 |     535 |  22.5 |      16 |       4 |  20.0
       D:11 |    4032 |       0 |   0.0 |      14 |       0 |   0.0
       D:12 |     871 |       0 |   0.0 |       4 |       0 |   0.0
      Sewer |       0 |     211 | 100.0 |       0 |      19 | 100.0
    Ossuary |       0 |     352 | 100.0 |       0 |      37 | 100.0
   Gauntlet |       0 |    2099 | 100.0 |       0 |       7 | 100.0
            +---------+---------+-------+---------+---------+-------

Skill      XL: |  1  2  3  4  5  6  7  8  9 10 11 12 |
---------------+-------------------------------------+-----
Armour         | 1 |  1.8
Fighting       | 3 4 5 6 8 9 10 | 10.5
Long Blades    | 4 5 6 7 8 9 10 | 10.6
Dodging        | 4 5 6 7 8 10 | 10.8
Translocations | 1 2 3 4 5 6 |  6.0
Spellcasting   | 2 4 5 |  5.0
Throwing       | |  2.0

Action                     |  1- 3 |  4- 6 |  7- 9 | 10-12 || total
---------------------------+-------+-------+-------+-------++-------
  Melee: Long sword        |    84 |   205 |   303 |   454 ||  1046
         Punch             |       |     1 |       |       ||     1
   Cast: Lesser Beckoning  |       |       |       |     2 ||     2
         Blink             |       |       |       |     1 ||     1
 Invoke: Ancestor Identity |       |     1 |       |       ||     1
         Ancestor Life: Ba |       |       |     1 |       ||     1
         Recall Ancestor   |       |       |     1 |       ||     1
  Evoke: Wand              |       |       |     8 |     9 ||    17
    Use: Scroll            |     1 |     5 |    19 |     7 ||    32
         Potion            |       |     1 |     7 |     9 ||    17
   Stab: Sleeping          |     1 |       |     7 |     3 ||    11
         Distracted        |       |       |     2 |     3 ||     5
 Armour: Leather armour    |    21 |    49 |    82 |    26 ||   178
         Robe              |       |       |       |    56 ||    56
  Dodge: Dodged            |    48 |   140 |   225 |   359 ||   772
  Block: Buckler           |       |       |    49 |    81 ||   130

Illustrated notes

Table legend:
 A = Kills in this place as a percentage of kills in the entire game.
 B = Kills by you in this place as a percentage of kills by you in the entire game.
 C = Kills by friends in this place as a percentage of kills by friends in the entire game.
 D = Other kills in this place as a percentage of other kills in the entire game.
 E = Experience gained in this place as a percentage of experience gained in the entire game.
 F = Experience gained in this place divided by the number of levels of this place that you have seen.
                   A       B       C       D       E      F
               +-------+-------+-------+-------+-------+----------------------
         Total | 100.0 | 100.0 | 100.0 |   N/A | 100.0 | 1454.9
       Dungeon |  79.1 |  74.8 |  88.0 |   N/A |  87.8 | 1596.8
         Sewer |   6.3 |   7.9 |   3.0 |   N/A |   1.0 | 211.0
       Ossuary |  12.3 |  14.4 |   8.0 |   N/A |   1.6 | 352.0
      Gauntlet |   2.3 |   3.0 |   1.0 |   N/A |   9.6 | 2099.0
               +-------+-------+-------+-------+-------+----------------------

Table legend: (Time is in decaauts)
 A = Elapsed time spent in this place.
 B = Non-inter-level travel time spent in this place.
 C = Inter-level travel time spent in this place.
 D = Time resting spent in this place.
 E = Time spent auto-exploring this place.
 F = Levels seen in this place.
 G = Mean time per level.
                   A        B        C        D        E       F      G
               +--------+--------+--------+--------+--------+-----+--------+
         Total |  13568 |  13154 |    414 |    872 |   9187 |  15 |  904.5 |
       Dungeon |  11309 |  10895 |    414 |    547 |   8023 |  12 |  942.4 |
         Sewer |    812 |    812 |      0 |     95 |    470 |   1 |  812.0 |
       Ossuary |    841 |    841 |      0 |    121 |    525 |   1 |  841.0 |
      Gauntlet |    606 |    606 |      0 |    109 |    169 |   1 |  606.0 |
               +--------+--------+--------+--------+--------+-----+--------+

Top non-repeatable levels by time:
     D:4: 1480 daAuts
     D:8: 1475 daAuts
     D:2: 1321 daAuts
     D:7: 1021 daAuts
     D:9: 987 daAuts
     D:6: 977 daAuts
     D:1: 946 daAuts
 Ossuary: 841 daAuts
    D:11: 833 daAuts
   Sewer: 812 daAuts
    D:10: 785 daAuts
     D:5: 761 daAuts
     D:3: 655 daAuts
Gauntlet: 606 daAuts
    D:12: 63 daAuts
